 Dungeon Crawl Stone Soup version 0.21.1-1-g345015fe64 (webtiles) character file.

119 Lentor the Ducker (level 4, -4/21 HPs)
             Began as a Felid Berserker on June 29, 2018.
             Was a Priest of Trog.
             Killed by nerve-wracking pain
             ... invoked by an orc priest
              (12 damage)
             ... on level 3 of the Dungeon.
             The game lasted 00:05:25 (2576 turns).

Lentor the Ducker (Felid Berserker)                 Turns: 2576, Time: 00:05:26

Health: -4/21      AC:  1    Str: 16    XL:     4   Next: 74%
Magic:  5/5        EV: 20    Int:  8    God:    Trog [***...]
Gold:   173        SH:  0    Dex: 18    Spells: 3/3 levels left
                                        Lives:  0   Deaths: 1

rFire    . . .     SeeInvis +     - Unarmed
rCold    . . .     Gourm    .   (shield unavailable)
rNeg     . . .     Faith    .   (armour unavailable)
rPois    .         Spirit   .   (helmet unavailable)
rElec    .         Reflect  .   (cloak unavailable)
rCorr    .         Harm     +   (gloves unavailable)
MR       .....                  (boots unavailable)
Stlth    +++.......             n - amulet of harm
HPRegen  0.07/turn              b - +3 ring of strength
MPRegen  0.09/turn              p - +2 ring of dexterity

@: quick
A: very small, no armour, no weapons or thrown items, stealth, claws 1, fangs 3,
see invisible, carnivore, speed 1, shaggy fur 1, slow metabolism 1, sharp paws
a: Berserk, Trog's Hand, Burn Spellbooks, Renounce Religion


You were on level 3 of the Dungeon.
You worshipped Trog.
Trog was most pleased with you.
You were not hungry.

You visited 1 branch of the dungeon, and saw 3 of its levels.

You collected 173 gold pieces.

Inventory:

Jewellery
 b - a +3 ring of strength (left paw)
 l - an uncursed ring of poison resistance
 n - an amulet of harm (around neck)
 p - a +2 ring of dexterity (right paw)
Scrolls
 d - 2 scrolls of teleportation {unknown}
 e - a scroll of amnesia {unknown}
 f - 5 scrolls of identify {unknown}
 i - a scroll of blinking {unknown}
 k - 3 scrolls of remove curse {unknown}
 m - a scroll of noise {unknown}
Potions
 c - 2 potions of curing {unknown}
 g - 3 potions of brilliance {unknown}
 h - a potion of degeneration {unknown}
 j - a potion of magic {unknown}
 o - a potion of mutation {unknown}
Comestibles
 a - 6 rations


   Skills:
 + Level 3.6 Fighting
 + Level 4.9 Dodging
 + Level 3.0 Stealth
 + Level 4.7 Unarmed Combat


You had 3 spell levels left.
You didn't know any spells.

Dungeon Overview and Level Annotations

Branches:
Dungeon (3/15)

Altars:
Hepliaklqana
Vehumet


Innate Abilities, Weirdness & Mutations

You cannot wear armour.
You are incapable of wielding weapons or throwing items.
Your paws allow you to move quietly. (Stealth)
You have sharp claws.
You have razor-sharp teeth.
You have supernaturally acute eyesight. (SInv)
You are carnivorous and can eat meat at any time.
You cover ground quickly.
You are covered in fur. (AC +1)
You have a slow metabolism.
Your sharp claws are effective at attacking unaware monsters.


Message History

You scratch aaaaaaaaaaaaaaaaaa's ghost.
Aaaaaaaaaaaaaaaaaa's ghost is almost destroyed.
You scratch aaaaaaaaaaaaaaaaaa's ghost.
You destroy aaaaaaaaaaaaaaaaaa's ghost!
Trog accepts your kill.
Welcome back to level 4!
The adder closely misses you.
You claw the adder!
You kill the adder!
Trog accepts your kill.
Your Stealth skill increases to level 3!
You scratch the orc.
You kill the orc!
Trog accepts your kill.
You scratch the orc priest.
The orc priest is moderately wounded.
The orc priest mumbles some strange prayers to Beogh against you.
Pain shoots through your body!
Ouch! That really hurt!
You die...

........... ..>##.......
.)......... ...........
..........##..o##......
..######..#....# ..... ..#
#...roo.##.....
..#######..†WSJ......######.
..##........##.#####........
..##.#####..##.#####o#
..##.#####.....o@....#
...........###.##.##.#
####.##.##.# #.##.##.# #.#
##.# #.......# ... ..#
#.#####.# #... #.# #.##. ..#
#.. .. #### .. ..


You could see an orc priest and an orc wizard.

Vanquished Creatures
  The ghost of aaaaaaaaaaaaaaaaaa the Skirmisher, a weakling DrCK of Xom (D:3)
  5 adders
  2 worms (D:2)
  4 dart slugs
  4 leopard geckos
  2 orcs (D:3)
  9 bats
  6 giant cockroaches
  10 goblins
  6 hobgoblins
  6 jackals (D:1)
  8 kobolds
  2 quokkas
  A ball python (D:3)
  A frilled lizard (D:1)
  6 rats
73 creatures vanquished.

Notes
Turn   | Place    | Note
-------+----------+-------------------------------------------
     0 | D:1      | Lentor the Felid Berserker began the quest for the Orb.
     0 | D:1      | Reached XP level 1. HP: 10/10 MP: 2/2
   119 | D:1      | Reached XP level 2. HP: 14/14 MP: 3/3
   543 | D:1      | Reached ** piety under Trog
   543 | D:1      | Reached XP level 3. HP: 17/17 MP: 4/4
  1116 | D:2      | Reached skill level 1 in Stealth
  1143 | D:2      | Found a radiant altar of Vehumet.
  1440 | D:2      | Reached XP level 4. HP: 19/21 MP: 5/5
  1887 | D:2      | Found a hazy altar of Hepliaklqana.
  2550 | D:3      | Noticed aaaaaaaaaaaaaaaaaa's ghost (weakling DrCK)
  2559 | D:3      | Slain by aaaaaaaaaaaaaaaaaa's ghost
  2560 | D:3      | Reached XP level 3. HP: -1/25 MP: 4/4
  2572 | D:3      | Killed aaaaaaaaaaaaaaaaaa's ghost
  2572 | D:3      | Reached XP level 4. HP: 8/21 MP: 5/5
  2573 | D:3      | Reached *** piety under Trog
  2576 | D:3      | Killed from afar by an orc priest

Skill      XL: |  1  2  3  4 |
---------------+-------------+-----
Stealth        | 1 3 |  3.0
Unarmed Combat | 4 |  4.7
Fighting       | |  3.6
Dodging        | |  4.9

Action                   |  1- 3 |  4- 6 || total
-------------------------+-------+-------++-------
Melee: Unarmed           |    99 |    69 ||   168
       Bite              |     6 |     5 ||    11
       Punch             |     4 |       ||     4
Invok: Berserk           |     2 |     3 ||     5
 Stab: Sleeping          |     7 |     5 ||    12
  Eat: Chunk             |     2 |     3 ||     5
Armor: Skin              |     3 |     2 ||     5
Dodge: Dodged            |    66 |    41 ||   107
